 Dungeon Crawl Stone Soup version 0.26.1-11-gd32895ea62 (webtiles) character file.

Game seed: 2567785980942217919

38 ShakDiesel the Ruffian (level 3, -1/28 HPs)
             Began as a Draconian Transmuter on July 15, 2021.
             Slain by an ice beast (3 damage)
             ... on level 2 of the Dungeon.
             The game lasted 00:13:40 (1548 turns).

ShakDiesel the Ruffian (Draconian Transmuter)       Turns: 1548, Time: 00:13:41

Health: -1/28      AC:  5    Str: 13    XL:     3   Next: 25%
Magic:  6/6        EV: 12    Int: 13    God:
Gold:   61         SH:  0    Dex: 11    Spells: 5/6 levels left

rFire    . . .     SeeInvis .   e - +0 short sword
rCold    . . .     Faith    .   (no shield)
rNeg     . . .     Spirit   .   (armour unavailable)
rPois    .         Reflect  .   (helmet restricted)
rElec    .         Harm     .   (no cloak)
rCorr    .         Rampage  .   (no gloves)
Will     .....                  (no boots)
Stlth    +.........             (no amulet)
HPRegen  0.09/turn              b - ring of wizardry
MPRegen  0.10/turn              (no ring)

@: slowed, very slow
A: unfitting armour, cold-blooded, AC +5
a: no special abilities


You were on level 2 of the Dungeon.
You visited 1 branch of the dungeon, and saw 2 of its levels.

You collected 61 gold pieces.

Inventory:

Hand Weapons
 c - a +0 dagger
 e - a +0 short sword (weapon)
Missiles
 d - 33 sling bullets
 n - 18 arrows
Armour
 a - a +0 robe
 i - a +1 robe of fire resistance
 k - a +0 ring mail
 l - a +0 ring mail
Jewellery
 b - a ring of wizardry (left hand)
Scrolls
 g - a scroll of enchant armour {unknown}
 j - a scroll of teleportation {unknown}
 m - a scroll of immolation {unknown}
Potions
 f - a potion of flight {unknown}
 h - a potion of curing {unknown}


   Skills:
 + Level 1.2 Fighting
 + Level 0.6 Short Blades
 + Level 2.1 Dodging
 + Level 0.2 Stealth
 + Level 3.4 Unarmed Combat
 + Level 2.4 Spellcasting
 + Level 2.1 Transmutations


You had 5 spell levels left.
You knew the following spells:

 Your Spells              Type           Power        Failure   Level
a - Beastly Appendage     Tmut           14%          4%          1

Your spell library contained the following spells:

 Spells                   Type           Power        Failure   Level
 Wereblood                Tmut           7%           6%          2
 Spider Form              Tmut/Pois      2%           19%         3
 Ice Form                 Ice/Tmut       4%           50%         4
 Blade Hands              Tmut           3%           69%         5


Dungeon Overview and Level Annotations

Branches:
Dungeon (2/15)

Altars:


Innate Abilities, Weirdness & Mutations

Your plain brown scales are hard. (AC +5)
You cannot fit into any form of body armour.
You are cold-blooded and may be slowed by cold attacks.


Message History

The goblin hits you but does no damage.
You hit the goblin.
You kill the goblin!
The quokka barely misses you. The quokka misses you.
You see here a +6 ring of intelligence.
You hit the quokka but do no damage.
The quokka bites you but does no damage.
You barely miss the quokka. The ice beast barely misses you.
The quokka bites you.
You barely miss the quokka. The ice beast completely misses you.
The quokka bites you.
The quokka bites you but does no damage.
The ice beast barely misses you.
You closely miss the quokka. The quokka bites you. The ice beast hits you.
The ice beast freezes you!
You feel yourself slow down.
* * * LOW HITPOINT WARNING * * *
You hit the quokka but do no damage. The quokka misses you.
The ice beast hits you.
You die...

#..........#
#..........####
#..............
#.........#####
###..............
.................
##.......<......
#.########.(.......#####
.......@..(............
......Yr...##########...
...........# ..
...........# .
.............
..############ .


You could see an ice beast and a quokka.

Vanquished Creatures
  A dart slug (D:1)
  A leopard gecko (D:1)
  3 bats (D:1)
  A giant cockroach (D:1)
  4 goblins
  6 hobgoblins
  4 jackals (D:1)
  6 frilled lizards
  4 kobolds
  2 rats (D:1)
32 creatures vanquished.

Notes
Turn   | Place    | Note
-------+----------+-------------------------------------------
     0 | D:1      | ShakDiesel the Draconian Transmuter began the quest for the
                  | Orb.
     0 | D:1      | Reached XP level 1. HP: 16/16 MP: 3/3
   342 | D:1      | Reached XP level 2. HP: 21/23 MP: 5/5
   531 | D:1      | HP: 1/23 [dart slug/slug dart (2)]
   920 | D:1      | Reached XP level 3. HP: 16/28 MP: 6/6
  1531 | D:2      | Noticed an ice beast
  1547 | D:2      | HP: 1/28 [ice beast (12)]
  1548 | D:2      | Slain by an ice beast

Illustrated notes

Levels and vault maps discovered:
D:1:      dpeg_arrival_rooms_c, layout_basic
D:2:      layout_basic

Skill      XL: |  1 |
---------------+----+-----
Dodging        | 2 |  2.1
Fighting       | |  1.2
Short Blades   | |  0.6
Stealth        | |  0.2
Unarmed Combat | |  3.4
Spellcasting   | |  2.4
Transmutations | |  2.1

Action                   || total
-------------------------++-------
Melee: Dagger            ||    36
       Unarmed           ||     2
       Tailslap          ||    15
       Punch             ||     1
       Short sword       ||   109
       Kick              ||     2
       Headbutt          ||     1
 Cast: Beastly Appendage ||     9
  Use: Scroll            ||     1
Armor: Skin              ||    43
Dodge: Dodged            ||   112
